 Dungeon Crawl Stone Soup version 0.30-a0-840-ga523dec638 (webtiles) character file.

Game seed: 12039177255594785230

1683274 ragingrage the Formicid Barricade (level 27, 182/224 HPs)
             Began as a Formicid Berserker on Feb 28, 2023.
             Was a High Priest of Trog.
             Escaped with the Orb
             ... and 3 runes on Mar 1, 2023!
             The game lasted 01:57:01 (67566 turns).

ragingrage the Formicid Barricade (FoBe)           Turns: 67566, Time: 01:57:01

Health: 182/224    AC: 36    Str: 45    XL:     27
Magic:  20/20      EV: 19    Int:  4    God:    Trog [*****.]
Gold:   5386       SH: 28    Dex: 21    Spells: 26/26 levels left

rFire   + . .      SeeInvis +    c - +9 executioner's axe (heavy)
rCold   + . .      Faith    .    i - +1 tower shield {rC+}
rNeg    + . .      Spirit   .    X - +5 plate armour of Muqyd Vee {Dex+3 Slay+2}
rPois   +          Reflect  .    (helmet unavailable)
rElec   +          Harm     .    a - +2 cloak {rCorr}
rCorr   +          Rampage  .    U - +1 pair of gloves {Str+3}
Will    +++..                    k - +0 pair of boots of the Wary Villages {rPois Regen+} Stlth
                                 d - amulet "Uluof" {Acrobat Fragile rElec rN+ Str+7}
HPRegen 1.37/turn                C - ring "Goupp" {rPois rF+ Will+ Int-5 Dex+4}
MPRegen 0.17/turn                r - +4 ring of protection

@: studying 2 skills
A: permanent stasis, dig shafts and tunnels, antennae 3, four strong arms,
deterioration 1, low MP 1, strong 1
0: Orb of Zot
}: 3/15 runes: decaying, serpentine, silver
a: Dig, Shaft Self, Renounce Religion, Trog's Hand, Brothers in Arms


You escaped.
You worshipped Trog.
Trog was extremely pleased with you.
You visited 9 branches of the dungeon, and saw 47 of its levels.
You visited 1 bazaar.
You also visited: Sewer, Ossuary, Ice Cave and Wizlab.

You collected 8162 gold pieces.
You spent 2776 gold pieces at shops.

Inventory:

Hand Weapons
 b - a +2 antimagic battleaxe
 c - a +9 heavy executioner's axe (weapon)
Missiles
 u - 12 boomerangs (quivered)
 x - 14 curare-tipped darts
 G - 2 javelins
 M - 7 throwing nets
 N - 4 silver javelins
Armour
 a - a +2 cloak of preservation (worn)
 i - a +1 tower shield of cold resistance (worn)
 k - the +0 pair of boots of the Wary Villages (worn) {rPois Regen+}
   (You bought it in a shop on level 4 of the Vaults)

   rPois:     It protects you from poison.
   Regen:     It increases your rate of health regeneration.
 U - a +1 pair of gloves of strength (worn)
 X - the +5 plate armour of Muqyd Vee (worn) {Dex+3 Slay+2}
   (You found it in an ice cave)

   Dex:       It affects your dexterity (+3).
   Slay:      It affects your accuracy & damage with ranged weapons and melee
   (+2).
Jewellery
 d - the amulet "Uluof" (around neck) {Acrobat Fragile rElec rN+ Str+7}
   (You took it off a deep elf pyromancer on level 3 of the Elven Halls)

   [amulet of the acrobat]

   It increases your evasion while moving and waiting.
   Str:       It affects your strength (+7).
   rElec:     It insulates you from electricity.
   rN:        It protects you from negative energy.
   Fragile:   It will be destroyed if unequipped.
 r - a +4 ring of protection (right hand)
 C - the ring "Goupp" (left hand) {rPois rF+ Will+ Int-5 Dex+4}
   (You found it on level 5 of the Vaults)

   [ring of willpower]

   Int:       It affects your intelligence (-5).
   Dex:       It affects your dexterity (+4).
   rF:        It protects you from fire.
   rPois:     It protects you from poison.
   Will:      It increases your willpower.
 W - a ring of protection from fire
Wands
 v - a wand of charming (24)
 B - a wand of iceblast (102)
 H - a wand of mindburst (32)
 P - a wand of polymorph (12)
 Q - a wand of acid (20)
 Z - a wand of digging (4)
Scrolls
 m - 5 scrolls of enchant armour
 n - 3 scrolls of magic mapping
 o - 13 scrolls of poison
 q - 4 scrolls of enchant weapon
 t - 11 scrolls of fog
 w - 7 scrolls of fear
 y - a scroll of brand weapon
 z - 7 scrolls of vulnerability
 F - a scroll of summoning
 I - 4 scrolls of silence
 S - 11 scrolls of immolation
Potions
 e - 3 potions of heal wounds
 f - 3 potions of invisibility
 g - 7 potions of attraction
 j - 16 potions of lignification
 p - 10 potions of flight
 s - 3 potions of cancellation
 A - 11 potions of curing
 D - 3 potions of resistance
 E - 3 potions of mutation
 K - 11 potions of might
 V - 2 potions of magic
Miscellaneous
 l - a lightning rod (4/4)
 J - a box of beasts (inert)
 L - a phial of floods
 O - a condenser vane (inert)
 R - a tin of tremorstones (2/2)
 Y - a phantom mirror


   Skills:
 - Level 20.0 Fighting
 - Level 23.6(24.0) Axes
 - Level 6.7(16.9) Maces & Flails
 - Level 14.0 Throwing
 + Level 19.3 Armour
 - Level 14.0 Dodging
 - Level 9.0 Stealth
 O Level 27 Shields
 - Level 20.0 Evocations


You had 26 spell levels left.
You didn't know any spells.
Your spell library was empty.

Dungeon Overview and Level Annotations

Branches:
Dungeon (15/15)            Temple (0/1) D:4            Lair (5/5) D:10
  Swamp (4/4) Lair:2        Snake (4/4) Lair:3        Slime (0/5) Lair:5
    Orc (2/2) D:12            Elf (3/3) Orc:2        Vaults (5/5) D:14
  Crypt (0/3) Vaults:2     Depths (4/4) D:15            Zot (5/5) Depths:4
  Sewer (visited)         Ossuary (visited)           IceCv (visited)
 WizLab (visited)

Altars:
Ashenzari
Cheibriados
Dithmenos
Elyvilon
Gozag
Hepliaklqana
Kikubaaqudgha
Makhleb
Okawaru
Qazlal
Sif Muna
Trog
Uskayaw
Wu Jian
Yredelemnul
Zin
Jiyva

Shops:
D:1 *=(*=   D:4 *   Orc:1 *   Orc:2 [**!   Elf:3 *   Snake:3 :   Vaults:2 (
Vaults:4 [*   Depths:1 *   Depths:3 [[=::[   Depths:4 !=**[

Portals:
Hell: Depths:1 Depths:2 Depths:3 Depths:4
Abyss: Depths:1 Depths:3
Pandemonium: Depths:2
Ziggurat: Depths:1

Annotations:
D:4 exclusion: downstairs
D:5 exclusions: door and 1 more exclusion
D:7 exclusion: downstairs
D:9 exclusion: upstairs
D:10 Urug
Swamp:2 Roxanne
Orc:2 3 runed translucent doors, Pooter's ghost, journeyman MiBe
Elf:2 3 runed translucent doors
Depths:2 2 transporters


Innate Abilities, Weirdness & Mutations

You cannot be hasted, slowed, berserked, paralysed or teleported.
You can dig through walls and to a lower floor.
You have a pair of large antennae on your head. (SInv)
Your four strong arms can wield two-handed weapons with a shield.
Your body sometimes deteriorates upon taking damage.
Your magical capacity is low. (-10% MP)
Your muscles are strong. (Str +4, Int/Dex -1)


Message History

The shining eye is engulfed in blazing flames.
Your primal weirdbat beast hits Titam!!
Titam dies!
Trog accepts your kill.
The shining eye disappears in a puff of smoke!
Your phantom mirror has recharged.
The lich is engulfed in blazing flames.
You block the lich's attack.
The lich is engulfed in blazing flames.
The lich misses you.
You barely miss the lich.
The lich is engulfed in blazing flames.
The lich touches you.
The ancient lich is engulfed in blazing flames.
The ancient lich casts a spell.
The ancient lich flickers and vanishes for a moment.
You closely miss the lich.
The lich is engulfed in blazing flames.
You block the lich's attack.
You barely miss the ancient lich.
The lich is engulfed in blazing flames.
The lich points at you and mumbles some strange words.
The bolt of cold hits the ancient lich.
The ancient lich resists.
You hear a sizzling sound!
You carve the ancient lich like a ham!!!
The lich is engulfed in blazing flames.
The ancient lich touches you but does no damage.
You slice the ancient lich!!
You destroy the ancient lich!
Trog accepts your kill.
Trog appreciates your killing of a magic user.
You feel your intelligence returning.
Training target 20.0 for Evocations reached!
Your Evocations skill increases to level 20!
Your primal weirdbat beast closely misses the lich.
Your primal weirdbat beast grabs the lich.
Your primal weirdbat beast constricts the lich!
The lich touches your primal weirdbat beast but does no damage.
Your primal weirdbat beast hits the lich!!
Your primal weirdbat beast constricts the lich!
The lich is destroyed!
Trog accepts your kill.
Trog appreciates your killing of a magic user.
There is a staircase leading out of the dungeon here.
You have escaped!

.................................
...........................#..##.
...#......................#...##.
.#.#........H####.H.......#...##.
.#.#....(..##....##.......#...##.
.#.#......#...ยง....#......#...##.
.#.#.....#......##........#...##.
.#.#.....#.....#..........#....#.
##.#.....#......@........#.#..##.
..........#..............#....##)
####......#.............#.....##.
#.......#...........#......##.
#........##.......##.......##.
#..........#######.........##.
####..........................##.
#........##################...##.
'........'..................#.##.


You could see a friendly primal weirdbat beast (summoned).

Vanquished Creatures
  A dread lich (Zot:5)
  4 pandemonium lords
  8 orbs of fire
  3 ancient liches
  Mara (Elf:3)
  Sojobo (Depths:1)
  4 Killer Klowns (Zot:5)
  Vashnia (Snake:2)
  A caustic shrike (Depths:3)
  3 curse toes
  6 golden dragons
  2 Tzitzimimeh
  3 bone dragons
  3 electric golems
  A Brimstone Fiend (D:15)
  A walking crystal tome (Depths:3)
  2 Hell Sentinels
  11 tentacled monstrosities
  An Ice Fiend (Zot:3)
  4 liches
  25 Orb Guardians
  2 deep elf blademasters (Elf:3)
  Asterion (Elf:2)
  A walking divine tome (Depths:3)
  11 quicksilver dragons
  2 deep elf master archers (Elf:3)
  2 titans (Vaults:5)
  3 sphinxes
  7 death cobs
  5 tengu reavers
  6 shadow dragons
  A fenstrider witch (Swamp:1)
  7 draconian monks
  19 storm dragons
  A thorn hunter (Swamp:3)
  7 draconian knights
  9 fire giants
  6 draconian scorchers
  2 nagarajas
  2 azure jellies (IceCv)
  An iron dragon (Vaults:4)
  5 deep elf sorcerers
  A balrug (Depths:3)
  4 frost giants
  13 vault wardens
  Aizul (Snake:1)
  2 ghost moths (Zot:5)
  3 ghouls (Swamp:3)
  8 draconian shifters
  5 draconian annihilators
  An orc warlord (Vaults:4)
  15 stone giants
  A juggernaut skeleton (Depths:1)
  5 quicksilver oozes (IceCv)
  A spriggan defender (Depths:3)
  11 deep elf elementalists (Elf:3)
  A demonspawn corrupter (Depths:2)
  6 draconian stormcallers
  15 very ugly things
  2 war gargoyles
  8 ironbound thunderhulks
  A vampire knight (Depths:4)
  16 green draconians
  15 ironbound preservers
  11 black draconians
  5 deep elf demonologists
  Azrael (Snake:3)
  20 white draconians
  3 spark wasps (Depths:3)
  5 deep elf annihilators
  2 lorocyprocas (Depths:2)
  3 eleionomae
  14 purple draconians
  10 bunyips
  A demonspawn black sun (Depths:2)
  18 red draconians
  7 dire elephants
  12 yellow draconians
  An entropy weaver (Vaults:5)
  Josephine (Orc:1)
  4 great orbs of eyes
  8 deep elf death magi
  A green death (Zot:5)
  10 ettins
  5 deep elf high priests
  12 fire dragons
  11 yaktaur captains
  Fannar (Lair:2)
  2 shambling mangroves
  2 peacekeepers (Vaults:4)
  Erolcha (Orc:1)
  37 vault guards
  4 ice dragons
  8 salamander tyrants
  Harold (Orc:1)
  3 rakshasas
  4 spriggan air magi
  13 hydras
  8 alligators
  A catoblepas (D:13)
  A hell beast (Zot:3)
  A merfolk avatar (Lair:5)
  Erica (D:9)
  11 centaur warriors
  3 ironbound frosthearts
  3 ghost crabs
  21 dancing weapons
  A two-headed ogre (D:11)
  6 anacondas
  An ogre mage (Vaults:2)
  A death knight (D:14)
  3 tengu warriors
  5 boulder beetles
  7 deep troll earth magi
  5 spriggan berserkers
  10 naga sharpshooters
  7 deep troll shamans
  2 vampire magi
  11 naga warriors
  4 shock serpents
  6 hell knights (Vaults:5)
  Nergalle (Lair:2)
  3 skysharks
  3 sun demons
  8 orc high priests (Orc:2)
  6 iron trolls
  18 deep elf knights
  A shadow wraith (Vaults:5)
  6 goliath frogs
  12 skeletal warriors
  2 salamander mystics
  A sixfirhy (Depths:4)
  2 shadow demons
  2 glowing orange brains
  2 spriggan druids
  3 bog bodies
  33 deep trolls
  2 sea snakes
  6 naga ritualists
  2 obsidian statues (D:15)
  3 flayed ghosts
  3 orange crystal statues
  3 phantasmal warriors
  14 swamp dragons
  19 deep elf archers
  A golden dragon skeleton (D:15)
  34 deep elf zephyrmancers
  12 ironbound convokers
  2 necromancers
  8 harpies
  A spriggan simulacrum (Swamp:3)
  11 lindwurms
  6 wizards
  37 deep elf pyromancers
  2 orc knights (Vaults:4)
  10 mana vipers
  35 ugly things
  A shining eye (shapeshifter) (Elf:2)
  6 manticores
  2 will-o-the-wisps
  6 cyclopes
  An iron dragon skeleton (Depths:1)
  An elephant (shapeshifter) (Vaults:5)
  20 elephants
  23 moths of wrath
  40 black mambas
  13 salamanders
  8 centaur zombies (D:11)
  An eye of devastation (shapeshifter) (Depths:3)
  2 gargoyles
  12 naga magi
  An orange demon (D:2)
  6 guardian serpents
  7 cane toads
  2 smoke demons
  24 vault sentinels
  A hellion (D:7)
  An unseen horror (shapeshifter) (Vaults:4)
  3 rime drakes
  An efreet (D:15)
  12 yaktaurs
  2 ice devils
  9 komodo dragons
  2 spriggan skeletons
  2 tengu conjurers (Depths:1)
  7 trolls
  A bloated husk (Swamp:3)
  8 tyrant leeches
  3 polar bears
  A blink frog (shapeshifter) (Vaults:5)
  Prince Ribbit (D:9)
  17 hornets
  A hellwing (Depths:4)
  14 blink frogs
  A raiju (shapeshifter) (D:13)
  A stone giant simulacrum (Vaults:2)
  2 air elementals
  13 spriggans
  6 wyverns
  2 vampires (D:11)
  8 wraiths
  20 yaks
  5 shadows
  37 slime creatures
  4 basilisks
  7 fire elementals
  2 fire bats (Swamp:4)
  2 water elementals
  Grum (D:9)
  A neqoxec (Depths:4)
  A hog (D:11)
  2 steam dragons
  A chaos spawn (D:12)
  Menkaure (D:7)
  A harpy simulacrum (Swamp:3)
  2 minotaur simulacra (Swamp:3)
  10 vampire mosquitoes
  35 nagas
  11 swamp worms
  7 wargs
  2 swamp worms (shapeshifter)
  5 acid dragons
  2 hell hounds (Snake:3)
  20 water moccasins
  2 floating eyes
  An ice beast (Vaults:2)
  A glowing shapeshifter skeleton (Depths:1)
  14 orc warriors
  9 swamp drakes
  5 great orb of eyes simulacra (IceCv)
  A black bear (shapeshifter) (Vaults:5)
  2 black bears
  An alligator simulacrum (Swamp:3)
  23 wolves
  A tengu (D:12)
  7 ogres
  14 centaurs
  4 boggarts
  8 slime creature simulacra (IceCv)
  8 bullfrogs
  2 deep troll simulacra (Swamp:3)
  3 kobold brigands
  2 scorpions
  An earth elemental (Elf:3)
  4 glowing shapeshifter simulacra (IceCv)
  3 wights (D:8)
  19 killer bees
  A lindwurm simulacrum (Swamp:3)
  8 electric eels
  6 howler monkeys
  3 lava snakes (Lair:5)
  A gnoll bouda (D:5)
  4 hounds
  2 jellies
  30 orc priests
  An iguana (shapeshifter) (Vaults:5)
  2 iguanas
  18 orc wizards
  A small abomination (Zot:5)
  3 mummies (Ossuary)
  Robin (D:2)
  5 gnolls (D:5)
  9 adders
  3 river rats (D:6)
  A shadow imp (D:7)
  A white imp (Vaults:2)
  3 ufetubi
  3 adder zombies (Ossuary)
  2 worms
  3 dart slugs
  83 orcs
  8 bats
  2 bat zombies (D:3)
  12 endoplasms
  3 giant cockroaches
  16 goblins
  6 hobgoblins
  2 jackals (D:4)
  39 kobolds
  4 quokkas
  3 ball pythons
  3 frilled lizards
  2 goblin zombies (Ossuary)
  4 hobgoblin zombies (Ossuary)
  3 kobold zombies (Ossuary)
  4 quokka zombies (Ossuary)
  6 rats
  6 rat zombies
  A block of ice (Zot:5)
1922 creatures vanquished.

Vanquished Creatures (collateral kills)
  2 pandemonium lords
  An orb of fire (Zot:5)
  Bai Suzhen (Depths:1)
  A golden dragon (Vaults:5)
  A walking earthen tome (Depths:3)
  2 Orb Guardians (Zot:5)
  A lich (D:1)
  Frances (Swamp:2)
  A death cob (Zot:4)
  A storm dragon (Zot:4)
  A draconian monk (Zot:5)
  A rockslime (IceCv)
  An iron dragon (Depths:3)
  A fire giant (Depths:1)
  A juggernaut zombie (D:15)
  A draconian stormcaller (Zot:5)
  A draconian shifter (Zot:5)
  2 stone giants (Depths:1)
  A red draconian (Zot:5)
  A purple draconian (Zot:5)
  A dire elephant (Vaults:4)
  A white draconian (Zot:5)
  2 fire dragons
  6 salamander tyrants (Snake:4)
  A vault guard (Vaults:5)
  3 naga sharpshooters (Snake:2)
  A deep elf knight (Elf:3)
  A skyshark (Lair:5)
  An iron troll (Depths:1)
  A spriggan druid (Swamp:3)
  2 swamp dragons (Swamp:4)
  2 deep trolls (Depths:1)
  A phantasmal warrior (Vaults:5)
  A necromancer (D:15)
  A deep elf archer (Elf:3)
  2 deep elf pyromancers
  A deep elf zephyrmancer (Elf:3)
  An ugly thing (D:14)
  2 guardian serpents (Snake:4)
  An orange demon (D:1)
  A guardian serpent (shapeshifter) (Vaults:5)
  A black mamba (Snake:4)
  A freezing wraith (Vaults:5)
  A tengu conjurer (Depths:1)
  A snapping turtle (Lair:5)
  A wyvern (D:9)
  A wraith (D:14)
  A golden eye (shapeshifter) (Depths:3)
  A fire elemental (Elf:3)
  A large abomination (D:15)
  A naga (Snake:4)
  A human skeleton (D:15)
  An orc warrior (D:11)
  A bullfrog (Lair:2)
  A killer bee (D:11)
  2 orc wizards
  An orc (D:11)
73 creatures vanquished.

Vanquished Creatures (others)
  A bunyip (Swamp:3)
  A spark wasp (Depths:3)
  A deep elf knight (Elf:3)
  A swamp dragon (Swamp:4)
  A lindwurm (Swamp:4)
  A deep elf pyromancer (Elf:1)
  3 deep elf zephyrmancers
  A basilisk (Lair:5)
  A steam dragon (Swamp:4)
  2 swamp worms
  5 swamp drakes (Swamp:4)
  A howler monkey (D:5)
  6 foxfires (Swamp:3)
  42 fungi
  101 plants
  11 withered plants
179 creatures vanquished.

Grand Total: 2174 creatures vanquished

Notes
Turn   | Place    | Note
-------+----------+-------------------------------------------
     0 | D:1      | ragingrage the Formicid Berserker began the quest for the
                  | Orb.
     0 | D:1      | Reached XP level 1. HP: 18/18 MP: 1/1
   140 | D:1      | Found Juobbuuv's Jewellery Boutique.
   161 | D:1      | Reached XP level 2. HP: 17/24 MP: 2/2
   256 | D:1      | Found Lentisch's Assorted Antiques.
   343 | D:1      | You fall into a shaft and drop 1 floor!
   400 | D:1      | Found Miesunto's Assorted Antiques.
   438 | D:1      | Found Iniut's Jewellery Emporium.
   495 | D:1      | Reached XP level 3. HP: 23/29 MP: 3/3
   682 | D:1      | Found Ataeth's Antique Weapon Shoppe.
   895 | D:1      | Reached skill level 1 in Stealth
   923 | D:1      | Found a faded altar of an unknown god.
  1051 | D:2      | Found an opulent altar of Gozag.
  1267 | D:2      | Reached ** piety under Trog
  1282 | D:2      | Noticed Robin
  1316 | D:2      | Killed Robin
  1317 | D:2      | Reached XP level 4. HP: 28/35 MP: 4/4
  1797 | D:3      | Found a basalt altar of Yredelemnul.
  2215 | D:3      | Found a hide-covered altar of Uskayaw.
  2298 | D:3      | Reached XP level 5. HP: 41/41 MP: 5/5
  2335 | D:3      | Reached skill level 5 in Axes
  2411 | D:3      | Reached *** piety under Trog
  2466 | D:3      | Found an ancient bone altar of Kikubaaqudgha.
  2726 | D:4      | Found Qupratai's General Store.
  2741 | D:4      | Bought a potion of heal wounds for 50 gold pieces
  3072 | D:4      | Found a staircase to the Ecumenical Temple.
  3204 | D:4      | Found an ornate altar of the Wu Jian Council.
  3399 | D:4      | Reached XP level 6. HP: 44/48 MP: 6/6
  3641 | D:5      | Entered Level 5 of the Dungeon
  3641 | D:5      | Noticed a water moccasin
  3758 | D:5      | Noticed a wyvern
  3973 | D:6      | Noticed a black bear
  3985 | D:6      | Killed a black bear
  3986 | D:6      | Reached skill level 5 in Fighting
  3986 | D:6      | Reached skill level 1 in Maces & Flails
  3994 | D:6      | Reached XP level 7. HP: 27/56 MP: 7/7
  4119 | D:6      | Found a glowing drain.
  4123 | Sewer    | Entered a sewer
  4152 | Sewer    | Noticed a water moccasin
  4162 | Sewer    | Killed a water moccasin
  4610 | D:5      | Killed a water moccasin
  4611 | D:5      | Reached XP level 8. HP: 65/65 MP: 8/8
  4651 | D:5      | Killed a wyvern
  4788 | D:5      | Reached **** piety under Trog
  4996 | D:5      | Found an opulent altar of Gozag.
  5555 | D:6      | Found a shimmering blue altar of Sif Muna.
  5707 | D:6      | Reached skill level 5 in Armour
  5707 | D:6      | Reached XP level 9. HP: 63/74 MP: 9/9
  5846 | D:6      | Found a white marble altar of Elyvilon.
  6208 | D:7      | Noticed Menkaure
  6222 | D:7      | Killed Menkaure
  6502 | D:7      | Found a glowing silver altar of Zin.
  6665 | D:7      | Found a burning altar of Makhleb.
  6665 | D:7      | Noticed a balrug
  6752 | D:7      | Found a broken altar of Ashenzari.
  6757 | D:7      | Found a snail-covered altar of Cheibriados.
  6791 | D:7      | Found a shadowy altar of Dithmenos.
  6985 | D:8      | Noticed a hornet
  6992 | D:8      | Killed a hornet
  6993 | D:8      | Reached skill level 10 in Fighting
  6993 | D:8      | Reached XP level 10. HP: 57/85 MP: 10/10
  7272 | D:8      | Found a sand-covered staircase.
  7294 | Ossuary  | Entered an ossuary
  7333 | Ossuary  | Reached ***** piety under Trog
  7761 | D:8      | Noticed a skeletal warrior
  8131 | D:8      | Noticed a skeletal warrior
  8135 | D:9      | Noticed Prince Ribbit
  8179 | D:9      | Noticed Grum
  8187 | D:9      | Reached skill level 10 in Axes
  8190 | D:9      | Killed Grum
  8401 | D:9      | Noticed Erica
  8429 | D:9      | Killed Erica
  8479 | D:9      | Killed Prince Ribbit
  8480 | D:9      | Reached XP level 11. HP: 67/90 MP: 6/11
  8658 | D:8      | Noticed a skeletal warrior
  8983 | D:10     | Entered Level 10 of the Dungeon
  9041 | D:10     | Found a stormy altar of Qazlal.
  9165 | D:10     | Found a hazy altar of Hepliaklqana.
  9192 | D:10     | Received a gift from Trog
  9624 | D:10     | Found a staircase to the Lair.
  9850 | D:10     | Noticed Urug
 10504 | D:11     | Noticed Maurice
 10578 | D:12     | Noticed a manticore
 10592 | D:12     | Killed a manticore
 10696 | D:12     | Found a staircase to the Orcish Mines.
 10955 | D:12     | Noticed a deep elf pyromancer
 10961 | D:12     | Killed a deep elf pyromancer
 10962 | D:12     | Reached XP level 12. HP: 87/97 MP: 9/12
 11213 | D:12     | Noticed a boulder beetle
 11292 | D:12     | Killed a boulder beetle
 11293 | D:12     | Reached skill level 15 in Axes
 11392 | D:12     | Noticed Sonja
 11393 | D:12     | Sonja changed into Sonja the tengu
 11393 | D:12     | Noticed Sonja
 11403 | D:12     | Killed Sonja the tengu
 11740 | D:12     | Noticed a centaur warrior
 11749 | D:12     | Killed a centaur warrior
 12697 | D:13     | Noticed a catoblepas
 12742 | D:13     | Noticed a centaur warrior
 12751 | D:13     | Killed a centaur warrior
 12794 | D:13     | Noticed a tengu warrior
 12810 | D:13     | Killed a tengu warrior
 12970 | D:13     | Noticed a skeletal warrior
 12972 | D:13     | Noticed a skeletal warrior
 12972 | D:13     | Noticed a skeletal warrior
 13046 | D:11     | Noticed a two-headed ogre
 13054 | D:12     | Reached skill level 1 in Shields
 13106 | D:11     | Killed a two-headed ogre
 13107 | D:11     | Reached skill level 2 in Shields
 13237 | D:11     | Maurice changed into Maurice the hog
 13237 | D:11     | Noticed Maurice
 13240 | D:11     | Killed Maurice the hog
 13241 | D:11     | Reached skill level 3 in Shields
 13395 | D:11     | Reached skill level 4 in Shields
 13537 | D:11     | Received a gift from Trog
 13556 | D:11     | Reached XP level 13. HP: 76/103 MP: 10/13
 14204 | Lair:1   | Entered Level 1 of the Lair of Beasts
 15028 | Lair:2   | Found a staircase to the Swamp.
 15047 | Lair:2   | Noticed Fannar
 15050 | Lair:2   | Noticed Nergalle
 15063 | Lair:2   | Killed Fannar
 15063 | Lair:2   | Killed Nergalle
 15064 | Lair:2   | Reached skill level 10 in Armour
 15962 | Lair:2   | You fall into a shaft and drop 2 floors!
 16212 | Lair:4   | Noticed a seven-headed hydra
 16236 | Lair:4   | Killed a four-headed hydra
 16237 | Lair:4   | Reached XP level 14. HP: 68/110 MP: 9/14
 16661 | Lair:3   | Found a staircase to the Snake Pit.
 17903 | Lair:5   | Entered Level 5 of the Lair of Beasts
 18177 | Lair:5   | Reached skill level 1 in Evocations
 18181 | Lair:5   | Reached skill level 1 in Throwing
 18387 | Lair:5   | Received a gift from Trog
 18562 | Lair:5   | Reached skill level 5 in Stealth
 18703 | Lair:5   | HP: 1/111 [skyshark (9)]
 19438 | Lair:5   | Identified the +8 trident of Yhegag {heavy, rElec rC+
                  | Str+4}
 19439 | Lair:5   | Identified the +2 whip "Poulirus" {freeze, rF- Str+2 Dex+4}
 19447 | Lair:5   | Identified the ring of the Devil's Team {Fire *Slow rPois
                  | Slay+5}
 19609 | Lair:5   | Reached XP level 15. HP: 79/117 MP: 10/15
 20225 | Lair:5   | Found a viscous altar of Jiyva.
 20225 | Lair:5   | Found a staircase to the Slime Pits.
 20675 | Orc:1    | Entered Level 1 of the Orcish Mines
 20677 | Orc:1    | Noticed Harold
 20696 | Orc:1    | Killed Harold
 20762 | Orc:1    | Found Utapod's Assorted Antiques.
 20763 | Orc:1    | Noticed Josephine
 20789 | Orc:1    | Killed Josephine
 20822 | Orc:1    | Bought a scroll of fear for 136 gold pieces
 21061 | Orc:1    | Noticed Erolcha
 21071 | Orc:1    | Killed Erolcha
 21094 | Orc:1    | Reached skill level 5 in Evocations
 21211 | Orc:1    | Found a bloodstained altar of Trog.
 21263 | Orc:2    | Entered Level 2 of the Orcish Mines
 21349 | Orc:2    | Received a gift from Trog
 21647 | Orc:2    | Reached skill level 5 in Throwing
 21805 | Orc:2    | Found a staircase to the Elven Halls.
 21849 | Orc:2    | Found a runed translucent gate.
 21849 | Orc:2    | Found a runed translucent gate.
 21849 | Orc:2    | Found a runed translucent gate.
 21853 | Orc:2    | Noticed Pooter's ghost (journeyman MiBe)
 21887 | Orc:2    | Found Mimigulil's Antique Armour Shoppe.
 21892 | Orc:2    | Bought a pair of glowing gloves for 255 gold pieces
 21908 | Orc:2    | Found Ceujeg's General Store.
 22146 | Orc:2    | Reached skill level 5 in Maces & Flails
 22411 | Orc:2    | Found Xobliqu's Distillery.
 22411 | Orc:2    | Found Sup Qam's General Store.
 22416 | Orc:2    | Bought a potion of resistance for 150 gold pieces
 23249 | D:13     | Found an iron altar of Okawaru.
 23816 | D:14     | Identified the +0 scale mail "Mukol" {rF++ Slay+6 SInv}
 23956 | D:14     | Found an opulent altar of Gozag.
 24415 | D:14     | Reached XP level 16. HP: 94/127 MP: 11/16
 24427 | D:14     | Identified the +12 battleaxe of Kudgh {flame, SInv} (Trog
                  | gifted it to you on level 14 of the Dungeon)
 24427 | D:14     | Received a gift from Trog
 24767 | D:14     | Found a gate to the Vaults.
 25329 | D:15     | Entered Level 15 of the Dungeon
 26386 | D:15     | Found a staircase to the Depths.
 27644 | Swamp:1  | Entered Level 1 of the Swamp
 28422 | Swamp:1  | Noticed a fenstrider witch
 28426 | Swamp:1  | Killed a fenstrider witch
 29124 | Swamp:2  | Reached XP level 17. HP: 131/137 MP: 17/17
 29144 | Swamp:2  | Noticed Roxanne
 29662 | Swamp:2  | Identified the +5 hand axe "Grim Tooth" {antimagic, Dex+3}
 29862 | Swamp:2  | Noticed Frances
 29874 | Swamp:2  | Killed Frances
 30117 | Swamp:3  | Found a frozen archway.
 30171 | IceCv    | Entered an ice cave
 30274 | IceCv    | Reached skill level 10 in Evocations
 31140 | IceCv    | Identified the +0 helmet of an ossuary {Will++ Int+6}
 31144 | IceCv    | Got the +7 mace of the Extremes {freeze, rC+}
 31364 | IceCv    | Found a viscous altar of Jiyva.
 31481 | IceCv    | Identified the ring of Suapam {rElec Will+ rCorr Str+2
                  | Dex+3}
 31483 | IceCv    | Identified the +5 plate armour of Muqyd Vee {Dex+3 Slay+2}
 31689 | Swamp:3  | Noticed a thorn hunter
 31694 | Swamp:3  | Killed a thorn hunter
 31706 | Swamp:3  | Received a gift from Trog
 32037 | Swamp:3  | Reached skill level 10 in Throwing
 33093 | Swamp:4  | Entered Level 4 of the Swamp
 33109 | Swamp:4  | Upgraded the game from 0.30-a0-830-gfe289a77b0 to
                  | 0.30-a0-840-ga523dec638
 33164 | Swamp:4  | Noticed a tentacled monstrosity
 33173 | Swamp:4  | Killed a tentacled monstrosity
 33174 | Swamp:4  | Reached skill level 15 in Fighting
 33181 | Swamp:4  | Reached XP level 18. HP: 110/149 MP: 13/18
 34088 | Swamp:4  | Got a decaying rune of Zot
 34720 | Snake:1  | Entered Level 1 of the Snake Pit
 34720 | Snake:1  | Noticed Aizul
 34728 | Snake:1  | Killed Aizul
 34960 | Snake:1  | Identified the +0 chain mail of Natoewua {rF+ Dex+3}
 35762 | Snake:2  | Reached skill level 5 in Shields
 35846 | Snake:2  | Reached skill level 6 in Shields
 36559 | Snake:2  | Reached skill level 7 in Shields
 36604 | Snake:2  | Noticed Vashnia
 36623 | Snake:2  | Killed Vashnia
 36928 | Snake:2  | Identified the +1 scale mail of Midwinter {rF+ rC+ Int+3
                  | Stlth-}
 37006 | Snake:2  | Reached skill level 8 in Shields
 37308 | Snake:3  | Reached skill level 9 in Shields
 37331 | Snake:3  | Reached XP level 19. HP: 146/155 MP: 19/19
 37344 | Snake:3  | Received a gift from Trog
 37433 | Snake:3  | Reached skill level 10 in Shields
 37446 | Snake:3  | You fall into a shaft and drop 1 floor!
 37446 | Snake:4  | Entered Level 4 of the Snake Pit
 37452 | Snake:4  | Reached ****** piety under Trog
 37867 | Snake:4  | Reached skill level 11 in Shields
 38059 | Snake:4  | Got a serpentine rune of Zot
 38182 | Snake:4  | Reached skill level 12 in Shields
 38681 | Snake:3  | Reached skill level 13 in Shields
 38804 | Snake:3  | Received a gift from Trog
 38806 | Snake:3  | Noticed Azrael
 38814 | Snake:3  | Killed Azrael
 39053 | Snake:3  | Reached skill level 14 in Shields
 39129 | Snake:3  | Found Saeceulo's Tremendous Tomes.
 40109 | Elf:1    | Entered Level 1 of the Elven Halls
 40140 | Elf:1    | Reached skill level 15 in Shields
 40150 | Elf:1    | Reached XP level 20. HP: 129/162 MP: 15/20
 40334 | Elf:1    | Received a gift from Trog
 40505 | Elf:1    | Identified the +6 falchion of Dominance {venom, *Noise
                  | Will+ Int+7 Dex+2}
 41020 | Elf:1    | Reached skill level 16 in Shields
 41032 | Elf:1    | Received a gift from Trog
 42136 | Elf:2    | Noticed Asterion
 42150 | Elf:2    | Killed Asterion
 42168 | Elf:2    | Found a magical portal.
 42304 | WizLab   | Entered Wucad Mu's Monastery
 42399 | WizLab   | Found the +9 staff of Wucad Mu {*channel}
 42725 | Elf:2    | Reached skill level 5 in Dodging
 42725 | Elf:2    | Reached skill level 17 in Shields
 42725 | Elf:2    | Reached XP level 21. HP: 168/168 MP: 21/21
 43026 | Elf:2    | Found a runed translucent gate.
 43026 | Elf:2    | Found a runed translucent gate.
 43029 | Elf:2    | Found a runed translucent gate.
 43069 | Elf:2    | Reached skill level 15 in Evocations
 43377 | Elf:3    | Entered Level 3 of the Elven Halls
 43377 | Elf:3    | Noticed Mara
 43380 | Elf:3    | Noticed ragingrage's illusion
 43542 | Elf:3    | Noticed ragingrage's illusion
 43659 | Elf:3    | Killed Mara
 44471 | Elf:3    | Reached skill level 18 in Shields
 44512 | Elf:3    | Received a gift from Trog
 45065 | Elf:3    | Found Lootim's Assorted Antiques.
 45073 | Elf:3    | Bought 2 potions of curing for 162 gold pieces
 45073 | Elf:3    | Bought a potion of heal wounds for 135 gold pieces
 45104 | Elf:3    | Reached XP level 22. HP: 166/175 MP: 22/22
 45882 | Elf:3    | Reached skill level 10 in Dodging
 45882 | Elf:3    | Identified the +5 scimitar of Efueqon {flame, Will+}
 45887 | Elf:3    | Reached skill level 19 in Shields
 46197 | Elf:3    | Received a gift from Trog
 46212 | Elf:3    | Identified the +9 halberd "Maunkem" {elec, rC+}
 46212 | Elf:3    | Identified the amulet "Uluof" {Acrobat Fragile rElec rN+
                  | Str+7}
 46577 | Elf:3    | Identified the +7 plate armour of the Stag {rF+ Will+}
 46593 | Elf:3    | Identified the ring of Ulynn {+Blink rPois Dex+4 SInv}
 46595 | Elf:3    | Identified the +0 scale mail of Romuskah {rN++ Str+3 Dex-5}
 46601 | Elf:3    | Found the +7 captain's cutlass {speed, disarm}
 46607 | Elf:3    | Identified the +6 scale mail of Mosm {*Slow rPois rC+
                  | Str+3}
 46608 | Elf:3    | Identified the +2 scimitar of Plog {pain, Will+}
 46627 | Elf:3    | Identified the +3 chain mail "Niggaef" {rC- Dex+3}
 46905 | Vaults:1 | Entered Level 1 of the Vaults
 47431 | Vaults:1 | Received a gift from Trog
 48422 | Vaults:2 | Reached skill level 20 in Shields
 48661 | Vaults:2 | Received a gift from Trog
 48948 | Vaults:2 | Found Xain's Weapon Shop.
 49100 | Vaults:2 | Reached XP level 23. HP: 184/184 MP: 23/23
 49285 | Vaults:2 | Found a staircase to the Crypt.
 49704 | Vaults:3 | You fall into a shaft and drop 1 floor!
 49714 | Vaults:4 | Found Jasuc's Assorted Antiques.
 50011 | Vaults:4 | Reached skill level 21 in Shields
 50048 | Vaults:4 | Found Wabar's Antique Armour Boutique.
 50105 | Vaults:4 | Found a flickering gateway to a bazaar.
 50125 | Bazaar   | Entered a bazaar
 50172 | Bazaar   | Found Plog's Jewellery Boutique.
 50194 | Bazaar   | Found Ymyne's Antique Weapon Emporium.
 50215 | Bazaar   | Found Ylougg's Book Boutique.
 50235 | Bazaar   | Found Ohuane's Armour Shoppe.
 50326 | Vaults:4 | Bought a pair of translucent boots for 399 gold pieces
 50326 | Vaults:4 | Identified the +0 pair of boots of the Wary Villages {rPois
                  | Regen+} (You bought it in a shop on level 4 of the Vaults)
 50935 | Vaults:4 | Received a gift from Trog
 50983 | Vaults:4 | Identified the +5 ring mail of Shielding {Drain Fly Int+3
                  | SInv}
 51523 | Depths:1 | Entered Level 1 of the Depths
 51536 | Depths:1 | Reached skill level 15 in Armour
 51635 | Depths:1 | Noticed Bai Suzhen
 51707 | Depths:1 | Killed Bai Suzhen
 51772 | Depths:1 | Reached XP level 24. HP: 181/191 MP: 23/23
 51889 | Depths:1 | Found a gateway to Hell.
 51914 | Depths:1 | Found Urafy's Overcharged Wands.
 51956 | Depths:1 | Found a one-way gate to the infinite horrors of the Abyss.
 52036 | Depths:1 | Noticed Sojobo
 52159 | Depths:1 | Killed Sojobo
 52159 | Depths:1 | Identified the +10 giant club of Trog's Displeasure {heavy,
                  | rF+ rC+} (Trog gifted it to you on level 1 of the Depths)
 52159 | Depths:1 | Received a gift from Trog
 52162 | Depths:1 | Identified the +2 pair of gloves of Dim Light {rN+ Slay-3
                  | Stlth+}
 52169 | Depths:1 | Found a one-way gateway to a ziggurat.
 52772 | Depths:2 | Found a one-way gate leading to the halls of Pandemonium.
 53142 | Depths:2 | Found a transporter.
 53151 | Depths:2 | Found a transporter.
 53151 | Depths:2 | Found a viscous altar of Jiyva.
 53670 | Depths:3 | Found a hide-covered altar of Uskayaw.
 53687 | Depths:3 | Found Cyifol's Antique Armour Shop.
 53695 | Depths:3 | Bought a jewelled chain mail for 266 gold pieces
 53695 | Depths:3 | Identified the +4 chain mail of an ice cave {rF+} (You
                  | bought it in a shop on level 3 of the Depths)
 53801 | Depths:3 | Noticed a caustic shrike
 53813 | Depths:3 | Killed a caustic shrike
 54212 | Depths:3 | Found Weikk's Book Shoppe.
 54213 | Depths:3 | Found Luiss's Jewellery Boutique.
 54214 | Depths:3 | Found Pixtoko's Book Shoppe.
 54242 | Depths:3 | Found Licwi's Armour Shoppe.
 54443 | Depths:3 | Found Dietaozy's Armour Shop.
 54771 | Depths:4 | Entered Level 4 of the Depths
 54986 | Depths:4 | Received a gift from Trog
 55142 | Depths:4 | Found Bibat's Assorted Antiques.
 55142 | Depths:4 | Found Zighut's Jewellery Shop.
 55225 | Depths:4 | Bought a potion of heal wounds for 175 gold pieces
 55225 | Depths:4 | Bought a scroll of fear for 140 gold pieces
 55240 | Depths:4 | Found Sofah's Assorted Antiques.
 55307 | Depths:4 | Found Niucaub's Armour Shoppe.
 55804 | Depths:4 | Found the +3 salamander hide armour {Flames, rFlCloud rF++
                  | rC--}
 55898 | Depths:4 | Found Yhaco's Distillery.
 55909 | Depths:4 | Reached XP level 25. HP: 159/197 MP: 23/23
 55943 | Depths:4 | Bought a potion of heal wounds for 100 gold pieces
 55943 | Depths:4 | Bought a potion of cancellation for 160 gold pieces
 56246 | Depths:4 | Found a gate to the Realm of Zot.
 56852 | Vaults:5 | Entered Level 5 of the Vaults
 57177 | Vaults:5 | Reached skill level 22 in Shields
 57178 | Vaults:5 | Received a gift from Trog
 57687 | Vaults:5 | Identified the +9 broad axe of Due Proportion {freeze, rN+
                  | Str+3}
 57792 | Vaults:5 | Got a silver rune of Zot
 57816 | Vaults:5 | Received a gift from Trog
 57854 | Vaults:5 | Identified the ring "Foomu" {rPois EV+5}
 57925 | Vaults:5 | Reached XP level 26. HP: 177/211 MP: 23/23
 58073 | Vaults:5 | Reached skill level 23 in Shields
 58303 | Vaults:5 | Identified the ring "Goupp" {rPois rF+ Will+ Int-5 Dex+4}
 58400 | Vaults:5 | Identified the +3 battleaxe of Inoxu {freeze, Contam Str+7
                  | Int-4 SInv}
 58403 | Vaults:5 | Identified the +9 dire flail of Fuddos {freeze, *Slow
                  | Str+5}
 58988 | Zot:1    | Entered Level 1 of the Realm of Zot
 59206 | Zot:1    | Received a gift from Trog
 59233 | Zot:1    | Reached skill level 24 in Shields
 59782 | Zot:2    | Identified a scroll of acquirement
 59974 | Zot:2    | Noticed a curse toe
 59992 | Zot:2    | Killed a curse toe
 59993 | Zot:2    | Reached skill level 25 in Shields
 60490 | Zot:3    | Received a gift from Trog
 60545 | Zot:3    | Reached skill level 26 in Shields
 60706 | Zot:3    | Reached XP level 27. HP: 204/221 MP: 23/23
 61826 | Zot:4    | Noticed an orb of fire
 61840 | Zot:4    | Killed an orb of fire
 61841 | Zot:4    | Reached skill level 27 in Shields
 61841 | Zot:4    | Noticed an orb of fire
 61847 | Zot:4    | Gained mutation: Your magical capacity is low. (-10% MP)
                  | [an orb of fire]
 61851 | Zot:4    | Killed an orb of fire
 62286 | Zot:4    | Identified the +0 hand axe "Picollus" {heavy, *Rage rN+
                  | Str+8}
 62707 | Zot:4    | Received a gift from Trog
 62860 | Zot:4    | Found a shimmering blue altar of Sif Muna.
 63366 | Zot:5    | Entered Level 5 of the Realm of Zot
 63366 | Zot:5    | Noticed an orb of fire
 63379 | Zot:5    | Killed an orb of fire
 64514 | Zot:5    | Noticed a dread lich
 64523 | Zot:5    | Killed a dread lich
 64610 | Zot:5    | Noticed a Killer Klown
 64612 | Zot:5    | Received a gift from Trog
 64617 | Zot:5    | Killed a Killer Klown
 64619 | Zot:5    | Noticed an ancient lich
 64623 | Zot:5    | Noticed a Killer Klown
 64628 | Zot:5    | Killed an ancient lich
 64631 | Zot:5    | Killed a Killer Klown
 64632 | Zot:5    | Noticed an orb of fire
 64632 | Zot:5    | Noticed an ancient lich
 64634 | Zot:5    | Noticed an orb of fire
 64636 | Zot:5    | Killed an orb of fire
 64639 | Zot:5    | Killed an ancient lich
 64644 | Zot:5    | Killed an orb of fire
 64647 | Zot:5    | Noticed an orb of fire
 64660 | Zot:5    | Gained mutation: Your magical capacity is very low. (-20%
                  | MP) [an orb of fire]
 64661 | Zot:5    | Killed an orb of fire
 65107 | Orc:2    | Bought 4 silver javelins for 648 gold pieces
 65525 | Zot:5    | Acquired 858 gold pieces
 65578 | Zot:5    | Noticed an orb of fire
 65580 | Zot:5    | Noticed a Killer Klown
 65581 | Zot:5    | Noticed an orb of fire
 65587 | Zot:5    | Gained mutation: You are vulnerable to heat. (rF-) [an orb
                  | of fire]
 65601 | Zot:5    | Killed an orb of fire
 65601 | Zot:5    | Noticed an orb of fire
 65608 | Zot:5    | Gained mutation: Your body sometimes deteriorates upon
                  | taking damage. [an orb of fire]
 65609 | Zot:5    | Killed an orb of fire
 65610 | Zot:5    | Killed a Killer Klown
 65618 | Zot:5    | Noticed a Killer Klown
 65619 | Zot:5    | Gained mutation: Your spells are a little easier to cast,
                  | but a little less powerful. [an orb of fire]
 65629 | Zot:5    | Gained mutation: You are weak. (Str -2) [an orb of fire]
 65632 | Zot:5    | HP: 2/224 [orb of fire/bolt of fire (76)]
 65636 | Zot:5    | Gained mutation: Potions are less effective at restoring
                  | your health. [an orb of fire]
 65637 | Zot:5    | Gained mutation: You are dopey. (Int -2) [an orb of fire]
 65638 | Zot:5    | Killed an orb of fire
 65648 | Zot:5    | Received a gift from Trog
 65664 | Zot:5    | Killed a Killer Klown
 65676 | Zot:5    | Lost mutation: You are weak. (Str -2) [potion of mutation]
 65676 | Zot:5    | Lost mutation: Potions are less effective at restoring your
                  | health. [potion of mutation]
 65676 | Zot:5    | Lost mutation: Your spells are a little easier to cast, but
                  | a little less powerful. [potion of mutation]
 65676 | Zot:5    | Gained mutation: You are weak. (Str -2) [potion of
                  | mutation]
 65676 | Zot:5    | Gained mutation: You are very weak. (Str -4) [potion of
                  | mutation]
 65676 | Zot:5    | Gained mutation: You occasionally lose the ability to read
                  | scrolls when taking damage. [potion of mutation]
 65677 | Zot:5    | Lost mutation: Your magical capacity is very low. (-20% MP)
                  | [potion of mutation]
 65677 | Zot:5    | Lost mutation: You occasionally lose the ability to read
                  | scrolls when taking damage. [potion of mutation]
 65677 | Zot:5    | Lost mutation: You are dopey. (Int -2) [potion of mutation]
 65679 | Zot:5    | Lost mutation: You are very weak. (Str -4) [potion of
                  | mutation]
 65679 | Zot:5    | Lost mutation: You are weak. (Str -2) [potion of mutation]
 65679 | Zot:5    | Lost mutation: You are vulnerable to heat. (rF-) [potion of
                  | mutation]
 65679 | Zot:5    | Gained mutation: Your muscles are strong. (Str +4, Int/Dex
                  | -1) [potion of mutation]
 66691 | Zot:5    | Got the Orb of Zot
 66714 | Zot:5    | Noticed Myfaem the pandemonium lord
 66719 | Zot:5    | Killed Myfaem the pandemonium lord
 66828 | Zot:2    | Noticed Huedorch the pandemonium lord
 66835 | Zot:2    | Killed Huedorch the pandemonium lord
 66842 | Zot:2    | Noticed a seraph
 66913 | Depths:4 | Noticed Semazi the pandemonium lord
 66930 | Depths:4 | Killed Semazi the pandemonium lord
 66992 | Depths:4 | Noticed Hitof the pandemonium lord
 67090 | D:15     | Noticed Iddupp the pandemonium lord
 67099 | D:15     | Killed Iddupp the pandemonium lord
 67529 | D:1      | Noticed Tyfaishruive the pandemonium lord
 67538 | D:1      | Killed Tyfaishruive the pandemonium lord
 67542 | D:1      | Noticed Titam the pandemonium lord
 67550 | D:1      | Noticed an ancient lich
 67553 | D:1      | Killed Titam the pandemonium lord
 67559 | D:1      | Killed an ancient lich
 67566 | D:$      | Escaped with the Orb!

Illustrated notes

Levels and vault maps discovered:
D:1:      dpeg_arrival_solitude, layout_basic, serial_shops, shop, shop, shop,
          nicolae_shop_waterfront, shop, chequers_ecumenical_altar_island
D:2:      layout_basic, basic_altar, uniq_robin
D:3:      minmay_skewed_foursquare, layout_rooms, lemuel_round_altar,
          mainiacjoe_overflow_cross_hatched, lemuel_zombie_altar_kikubaaqudgha,
          nrook_campfire
D:4:      layout_basic, mainiacjoe_overflow_24_doors,
          minmay_temple_entry_butterflies, serial_shops, shop,
          serial_corexii_hall, corexii_hall_statues_deadend,
          corexii_hall_statues_i
D:5:      layout_basic, old_standard_altar, nicolae_elevator_lobby_asterisk
D:6:      layout_basic, elyvilon_altar_3, mainiacjoe_overflow_catwalk,
          lightli_sewer_entry_pipes, minmay_manual_mares
D:7:      layout_cave_pools, nicolae_overflow_crystal_walls,
          makhleb_altar_promises_db, grunt_temple_overflow_open, uniq_menkaure
D:8:      kennysheep_kobold_camp, layout_loops_ring, fedhas_altar_fruit_tree,
          nicolae_ossuary_entry_false_entrances
D:9:      layout_basic, nicolae_kite_square_tiling_tiny, uniq_prince_ribbit1,
          uniq_grum, uniq_erica
D:10:     layout_loops_ring, nicolae_hepliaklqana_hazy_memory,
          grunt_qazlal_sundering, erik_lair_dragon, uniq_urug
D:11:     layout_basic, serial_undead, serial_undead_a, serial_undead_f,
          serial_undead_f, serial_undead_e, uniq_maurice
D:12:     layout_loops_ring, erik_orc_3, corexii_leaking_fountain, uniq_sonja
D:13:     layout_roguey, hangedman_decor_points, kennysheep_okawaru_gauntlet
D:14:     wander_river, layout_gridville, erik_vaults_1,
          nicolae_gozag_seed_capital
D:15:     gammafunk_depths_entry_grave, layout_long_grid, skrybe_limestone_x,
          minmay_more_statues
Lair:1:   layout_cave_shapes, wad_woods_02
Lair:2:   layout_misc_corridors, skrybe_swamp_entry_bodies, uniq_fannar,
          uniq_nergalle
Lair:3:   layout_chaotic_city, guppyfry_snake_entry_island
Lair:4:   layout_cave_shapes, infiniplex_staircase_pool
Lair:5:   gammafunk_lair_ancient_temple, layout_gridlike, slime_entry_1,
          nicolae_lair_liquid_snakes, serial_bayou_shore_a
Swamp:1:  layout_falls_marsh, nicolae_swamp_some_circles,
          nicolae_swamp_hydra_murder_den
Swamp:2:  layout_basic_swamp, nicolae_swamp_orc_logging_accident, swamp_pool2,
          uniq_roxanne, uniq_frances
Swamp:3:  nzn_winding_woodlands_cross [nzn_winding_woodlands_5x15_longhouse,
          nzn_winding_woodlands_5x15_pathside_ponds,
          nzn_winding_woodlands_5x15_river_crossing,
          nzn_winding_woodlands_5x15_default,
          nzn_winding_woodlands_15x15_boxy_spiral], layout_basic_swamp,
          portal_ice_cave_entry_ice_simulacra, evilmike_swamp_ruin_house_1
Swamp:4:  swamp_fiery, layout_basic_swamp, nicolae_swamp_bunyip_nook
Snake:1:  nicolae_snake_attic_fulla_snakes, layout_onion, serial_bayou_lagoon_a,
          lemuel_fruit_tree, uniq_aizul
Snake:2:  layout_layer_cave, uniq_vashnia
Snake:3:  layout_misc_corridors, special_room, nicolae_shop_i_like_big_books,
          grunt_ministairs_5, uniq_azrael
Snake:4:  hellmonk_snake_rune_quicksilver_temple, layout_cave_town,
          grunt_megastairs_4
Orc:1:    layout_caves, serial_shops, shop_statue, david_defended_altar_orc,
          uniq_erolcha, uniq_josephine, uniq_harold
Orc:2:    st_orc_town, layout_caves, maelrawn_ghost_gauntlet_escape
Elf:1:    minmay_elf_arrival_summoners, layout_loops_cross,
          hangedman_elven_crosses_minicolossus
Elf:2:    elven_hall_of_blades_hangedman_original
          [infiniplex_blade_entry_pillars], layout_gridlike,
          lightli_enter_wizlab_magi_temple, drop_trap, nicolae_elf_v_pinch,
          minmay_misc_feat_rows, uniq_louise, uniq_asterion
Elf:3:    elf_hall, layout_gridlike, serial_shops, shop, uniq_mara
Vaults:1: v_rooms_5, vaults_room_hallway, vaults_room_corners, v_pattern_2,
          vaults_mumra_lcd, ontoclasm_vaults_gateway, nicolae_vaults_rhombus_6,
          vaults_dpeg_emergency_exit, v_misc_27, nicolae_vaults_asterisk,
          nicolae_vaults_little_squares_1, nicolae_vaults_twisting_passages,
          vaults_dpeg_encased_lava, ontoclasm_vaults_twist,
          layout_vaults_omnicross
Vaults:2: hangedman_vaults_locks, vaults_mumra_minichess, v_alt_pattern_5,
          vaults_room_corners, minmay_crypt_entry_nasty_monster,
          dpeg_vaults_monster_box, st_lattice, vaults_dpeg_cross,
          grunt_vaults_hallway_short, serial_ice_b,
          nicolae_vaults_mini_display_case, layout_vaults_chaotic_city,
          serial_shops, shop
Vaults:3: gammafunk_ghost_arena, vaults_room_fours, nicolae_vaults_big_ls,
          v_rooms_5, nicolae_vaults_specimen_jars, ontoclasm_vaults_shuriken,
          v_misc_25, ontoclasm_vaults_ring_small, vaults_room_pools,
          layout_vaults_quadrants, serial_shops, nicolae_shop_behind_doors
Vaults:4: vaults_dpeg_hooks, vaults_room_grunt_arrival_checkpoint, v_misc_1,
          v_misc_15, nicolae_vaults_border_crossing,
          vaults_room_grunt_arrival_ludios, nicolae_vaults_circle_grid_a,
          vaults_room_guarded_vault, nicolae_vaults_little_squares_5, v_misc_24,
          grunt_vaults_funnel, nicolae_vaults_alarming,
          nicolae_vaults_little_squares_5, layout_vaults_ring, serial_shops,
          bzr_entry_islet, nicolae_shop_waterfront, shop
Vaults:5: serial_shops
Depths:1: layout_big_octagon, enter_ziggurat_b, abyss_entry, hell_entry,
          serial_glass, glass_columns_c, glass_columns_a, glass_columns_c,
          glass_columns_a, glass_columns_c, glass_columns_c, glass_columns_b,
          glass_columns_c, feat_on_display, nicolae_shop_overcharged_wands,
          uniq_bai_suzhen, uniq_sojobo
Depths:2: gammafunk_jiyva_shrine, layout_basic, hell_entry, pan_entry,
          grunt_megastairs_1, infiniplex_staircase_door_maze
Depths:3: minmay_broken_ring, layout_small_grid,
          nicolae_uskayaw_murder_on_the_dancefloor, lightli_too_deep,
          abyss_entry_crystal, serial_shops, shop, kennysheep_mini,
          nicolae_shop_stone, infiniplex_staircase_hallway_doors,
          minmay_shop_grove
Depths:4: grunt_zot_entry_hairpin, layout_gridville, grunt_hell_entry_dis_grunt,
          serial_shops, nicolae_shop_waterfront, nicolae_diamond_shop,
          nicolae_diamond_shop, hellmonk_guarded_unrand_salamander,
          minmay_shoptagon
Zot:1:    layout_onion_interference
Zot:2:    kennysheep_spiral_hall, layout_misc_corridors
Zot:3:    layout_basic
Zot:4:    layout_onion, basic_altar, nicolae_lava_and_water, grunt_megastairs_2,
          uniq_josephina
Zot:5:    layout_gridlike, grunt_ministairs_11

Skill      XL: |  1  2  3  4  5  6  7  8  9 10 11 12 13 14 15 16 17 18 19 20 21 22 23 24 25 26 27 |
---------------+----------------------------------------------------------------------------------+-----
Axes           | 4 5 7 11 14 16 17 18 19 21 23 | 23.6
Stealth        | 2 3 4 6 9 |  9.0
Fighting       | 4 5 6 8 10 12 13 15 16 17 19 20 | 20.0
Maces & Flails | 2 4 6 |  6.7
Armour         | 5 7 11 12 15 19 | 19.3
Shields        | 4 9 15 17 18 20 21 22 26 27 | 27.0
Evocations     | 4 7 9 11 13 14 15 16 20 | 20.0
Throwing       | 3 6 8 10 12 14 | 14.0
Dodging        | 2 3 5 8 12 14 | 14.0

Action                     |  1- 3 |  4- 6 |  7- 9 | 10-12 | 13-15 | 16-18 | 19-21 | 22-24 | 25-27 || total
---------------------------+-------+-------+-------+-------+-------+-------+-------+-------+-------++-------
  Melee: Hand axe          |    37 |       |       |       |       |       |       |       |       ||    37
         Dagger            |    52 |   185 |       |       |       |       |       |       |       ||   237
         Punch             |     1 |     1 |     2 |     5 |       |     1 |       |       |       ||    10
         Flail             |       |    14 |    87 |       |       |       |       |       |       ||   101
         Great sword       |       |       |    49 |       |       |       |       |       |       ||    49
         Unarmed           |       |       |     7 |       |       |       |       |       |       ||     7
         War axe           |       |       |    76 |   487 |   204 |       |       |       |       ||   767
         Battleaxe         |       |       |       |    14 |   385 |   713 |   686 |   951 |   159 ||  2908
         Giant club        |       |       |       |       |   206 |    16 |       |       |       ||   222
         Executioner's axe |       |       |       |       |       |       |       |       |   758 ||   758
  Throw: Boomerang         |       |       |     3 |       |     3 |    69 |     9 |   106 |   153 ||   343
         Dart              |       |       |     2 |     2 |    33 |    16 |       |       |       ||    53
         Javelin           |       |       |       |       |     2 |       |       |       |     8 ||    10
 Invoke: Brothers in Arms  |       |       |       |     3 |     3 |     7 |     4 |     6 |    10 ||    33
         Trog's Hand       |       |       |       |     4 |     7 |     5 |     2 |     5 |     4 ||    27
Ability: Dig               |       |       |     1 |       |     1 |     1 |     1 |     8 |     9 ||    21
  Evoke: Wand              |       |       |     4 |     6 |     9 |     3 |       |       |     7 ||    29
         Box of beasts     |       |       |       |     1 |     1 |       |     1 |       |     6 ||     9
         Tin of tremorston |       |       |       |       |     1 |     2 |       |     3 |     1 ||     7
         Phantom mirror    |       |       |       |       |     1 |       |       |       |     2 ||     3
         Condenser vane    |       |       |       |       |       |       |     3 |     1 |     8 ||    12
         Phial of floods   |       |       |       |       |       |       |     1 |       |       ||     1
    Use: Scroll            |       |     5 |     3 |     9 |     6 |     4 |     5 |     2 |     8 ||    42
         Potion            |       |       |     3 |     1 |     1 |       |     3 |     2 |    29 ||    39
   Stab: Sleeping          |     1 |       |       |     1 |       |       |       |     6 |       ||     8
         Confused          |       |       |       |     2 |       |       |       |       |       ||     2
         Distracted        |       |       |       |       |     1 |     1 |     2 |     1 |     5 ||    10
         Invisible         |       |       |       |       |       |       |       |     4 |       ||     4
 Armour: Animal skin       |     9 |       |       |       |       |       |       |       |       ||     9
         Chain mail        |    14 |   149 |   187 |   112 |   497 |       |       |       |       ||   959
         Skin              |       |       |     7 |       |       |       |       |       |       ||     7
         Robe              |       |       |       |    61 |       |       |       |       |       ||    61
         Acid dragon scale |       |       |       |    77 |    33 |       |       |       |       ||   110
         Scale mail        |       |       |       |       |    13 |   154 |   112 |   238 |    82 ||   599
         Plate armour      |       |       |       |       |       |   308 |   116 |       |   185 ||   609
  Dodge: Dodged            |    35 |   101 |   139 |   269 |   318 |   239 |   137 |   342 |   389 ||  1969
  Block: Buckler           |       |       |       |    20 |   119 |    97 |       |       |       ||   236
         Kite shield       |       |       |       |       |       |    55 |   393 |    66 |       ||   514
         Tower shield      |       |       |       |       |       |       |       |   740 |   903 ||  1643

Table legend: (Time is in decaauts)
 A = Elapsed time spent in this place.
 B = Non-inter-level travel time spent in this place.
 C = Inter-level travel time spent in this place.
 D = Time resting spent in this place.
 E = Time spent auto-exploring this place.
 F = Levels seen in this place.
 G = Mean time per level.
                   A        B        C        D        E       F      G
               +--------+--------+--------+--------+--------+-----+--------+
         Total |  67129 |  61654 |   5475 |  16373 |  31291 |  52 | 1290.9 |
       Dungeon |  20044 |  18134 |   1910 |   4919 |   9274 |  15 | 1336.3 |
          Lair |   6471 |   6151 |    320 |   1848 |   3243 |   5 | 1294.2 |
         Swamp |   5781 |   5632 |    149 |   1933 |   2409 |   4 | 1445.2 |
     Snake Pit |   5108 |   4759 |    349 |   1004 |   2728 |   4 | 1277.0 |
  Orcish Mines |   2213 |   2028 |    185 |    497 |   1029 |   2 | 1106.5 |
   Elven Halls |   5951 |   5745 |    206 |   2419 |   1910 |   3 | 1983.7 |
        Vaults |   6368 |   5854 |    514 |    906 |   3627 |   5 | 1273.6 |
        Depths |   5835 |   4768 |   1067 |    662 |   2859 |   4 | 1458.8 |
           Zot |   7096 |   6324 |    772 |   1229 |   3515 |   5 | 1419.2 |
        Bazaar |    146 |    146 |      0 |      0 |    127 |   1 |  146.0 |
         Sewer |    185 |    185 |      0 |    100 |     25 |   1 |  185.0 |
       Ossuary |    155 |    155 |      0 |      0 |     87 |   1 |  155.0 |
      Ice Cave |   1357 |   1357 |      0 |    726 |    332 |   1 | 1357.0 |
        Wizlab |    412 |    412 |      0 |    127 |    124 |   1 |  412.0 |
               +--------+--------+--------+--------+--------+-----+--------+

Top non-repeatable levels by time:
   Elf:3: 3029 daAuts
   Zot:5: 2667 daAuts
    D:14: 2569 daAuts
  Lair:5: 2507 daAuts
    D:13: 2255 daAuts
Depths:4: 2226 daAuts
    D:12: 1958 daAuts
 Swamp:3: 1944 daAuts
Vaults:4: 1912 daAuts
 Swamp:1: 1752 daAuts
 Snake:4: 1732 daAuts
   Zot:3: 1729 daAuts
 Snake:2: 1721 daAuts
    D:15: 1481 daAuts
   Elf:2: 1473 daAuts
